 Dungeon Crawl Stone Soup version 0.27-a0-394-g49c82dfaf2 (webtiles) character file.

Game seed: 9152133571966263627

1463 shmesh the Chopper (level 8, -10/61 HPs)
             Began as a Demonspawn Berserker on Feb 21, 2021.
             Was a Priest of Trog.
             Mangled by a moth of wrath (19 damage)
             ... on level 5 of the Dungeon.
             The game lasted 00:15:28 (6499 turns).

shmesh the Chopper (Demonspawn Berserker)           Turns: 6499, Time: 00:15:29

Health: -10/61     AC:  7    Str: 18    XL:     8   Next: 48%
Magic:  17/17      EV: 13    Int: 10    God:    Trog [***...]
Gold:   31         SH:  0    Dex: 13    Spells: 7/7 levels left

rFire    . . .     SeeInvis .   a - +4 scythe (venom)
rCold    . . .     Faith    .   (shield currently unavailable)
rNeg     . . .     Spirit   .   q - +0 ring mail
rPois    .         Reflect  .   (no helmet)
rElec    .         Harm     .   e - +0 cloak
rCorr    .         Rampage  .   (no gloves)
Will     .....                  (boots unavailable)
Stlth    ++........             y - amulet of regeneration
HPRegen  1.20/turn              c - ring of magical power
MPRegen  0.15/turn              (no ring)

@: berserk cooldown, slowed, very slow
A: talons 3
a: Renounce Religion, Berserk, Trog's Hand


You were on level 5 of the Dungeon.
You worshipped Trog.
Trog was most pleased with you.
You visited 2 branches of the dungeon, and saw 6 of its levels.

You collected 166 gold pieces.
You spent 135 gold pieces at shops.

Inventory:

Hand Weapons
 a - a +4 scythe of venom (weapon)
 b - a +1 whip of electrocution
 o - a +2 dagger of electrocution
 A - a +1 vorpal war axe
 C - a +0 flail of protection
Armour
 e - a +0 cloak (worn)
 q - a +0 ring mail (worn)
Jewellery
 c - a ring of magical power (left hand)
 r - an amulet of the acrobat
 y - an amulet of regeneration (around neck)
Wands
 z - a wand of random effects (27)
 D - a wand of digging (4)
Scrolls
 d - 5 scrolls of teleportation {unknown}
 g - a scroll of enchant armour {unknown}
 h - a scroll of random uselessness {unknown}
 i - 2 scrolls of fear {unknown}
 j - 9 scrolls of identify {unknown}
 m - a scroll of blinking {unknown}
 p - a scroll of enchant weapon {unknown}
 u - a scroll of amnesia {unknown}
 x - 2 scrolls of magic mapping {unknown}
 B - 2 scrolls of immolation {unknown}
Potions
 f - a potion of degeneration {unknown}
 k - 2 potions of flight {unknown}
 l - a potion of ambrosia {unknown}
 n - 4 potions of might
 s - a potion of lignification {unknown}
 t - a potion of berserk rage {unknown}
 v - 3 potions of heal wounds
 w - a potion of attraction {unknown}
 E - a potion of curing


   Skills:
 + Level 4.8 Fighting
 + Level 5.1(5.7) Axes
 + Level 3.8(5.1) Maces & Flails
 + Level 4.0 Armour
 + Level 4.4 Dodging
 + Level 3.8 Stealth


You had 7 spell levels left.
You didn't know any spells.
Your spell library was empty.

Dungeon Overview and Level Annotations

Branches:
Dungeon (5/15)             Temple (1/1) D:4

Altars:
Ashenzari
Dithmenos
Elyvilon
Fedhas
Gozag
Hepliaklqana
Kikubaaqudgha
Nemelex Xobeh
Okawaru
Qazlal
Sif Muna
Trog
Uskayaw
Vehumet
Wu Jian
Xom
Zin
The Shining One

Shops:
D:5 !

Annotations:
D:4 1 runed translucent door, ArcanElement's ghost, novice OgBe


Innate Abilities, Weirdness & Mutations

You have claws for feet.


Message History

Adjust to which letter? (? for menu, Esc to quit)
a - a +4 scythe of venom (weapon);
C - a +1 whip of electrocution Adjust (i)tems, (s)pells, or (a)bilities?
C - a +1 whip of electrocution Adjust to which letter? (? for menu, Esc to quit)
b - a +1 whip of electrocution;
C - a +0 flail of protection You feel the effects of Trog's Hand fading.
Things that are here:
a rat corpse; a worm corpse You feel sick.
You see here a worm corpse.
A moth of wrath is nearby!
You feel sick.
Your skin stops crawling.
You feel less strong-willed.
Aiming: Dig
Press: ? - help, Shift-Dir - straight line An iron grate.
The damaged grate falls apart.
You feel sick. The moth of wrath closely misses you.
You barely miss the moth of wrath. You claw the moth of wrath.
The moth of wrath is lightly wounded.
The moth of wrath bites you!! x3
* * * LOW HITPOINT WARNING * * *
The moth of wrath closely misses you.
You closely miss the moth of wrath. You claw the moth of wrath.
The moth of wrath is lightly wounded.
You feel sick.
The moth of wrath bites you but does no damage.
The moth of wrath misses you. The moth of wrath barely misses you.
You're still recovering from your berserk rage.
You hit the moth of wrath.
The moth of wrath is poisoned.
The moth of wrath is moderately wounded.
You feel sick.
You are no longer poisoned.
The moth of wrath bites you but does no damage.
The moth of wrath closely misses you. x2
You closely miss the moth of wrath. Your kick misses the moth of wrath.
The moth of wrath is moderately wounded.
The moth of wrath bites you!!
You die...

#.#######.#..#......#####.####.
#.# #.#....#....#...#......
#.##############....#.#.#######
#.......##[...#####.#.#........
######.##.††...)##..#.########.
#..#........)####.# #.
#.##....#....## #.# #.
#.##...###....# #.# #.
#........y@_..###.## #.
####...###...)#....# #####.
#....#....##....# #...#.
#.........##....# #.#[..
###......)##.....# #.#.##
#.##....###....†.###.#.#.
#..############.##...#...
###.........#####.##.######
#.............)...##.#.....


You could see a moth of wrath (poisoned).

Vanquished Creatures
  Sigmund (D:5)
  Edmund (D:5)
  An ice beast (D:5)
  2 ogres (D:5)
  2 phantoms
  2 scorpions (D:4)
  4 hounds
  4 orc wizards (D:4)
  Natasha (thrice) (D:2)
  6 worker ants
  A killer bee zombie (D:5)
  7 adders
  2 gnolls (D:2)
  2 white imps
  2 ufetubi
  6 worms
  6 leopard geckos
  12 orcs
  10 bats
  3 giant cockroaches
  3 goblins
  6 hobgoblins
  8 jackals
  10 kobolds
  6 quokkas
  A ball python (D:1)
  5 frilled lizards
  A leopard gecko skeleton (D:4)
  10 rats
127 creatures vanquished.

Vanquished Creatures (others)
  41 plants (D:2)
  2 withered plants (D:4)
43 creatures vanquished.

Grand Total: 170 creatures vanquished

Notes
Turn   | Place    | Note
-------+----------+-------------------------------------------
     0 | D:1      | shmesh the Demonspawn Berserker began the quest for the
                  | Orb.
     0 | D:1      | Reached XP level 1. HP: 18/18 MP: 1/1
   180 | D:1      | Gained mutation: You have sharp toenails. [demonic
                  | ancestry]
   180 | D:1      | Reached XP level 2. HP: 11/24 MP: 2/2
   470 | D:1      | Reached skill level 3 in Axes
   898 | D:1      | Reached ** piety under Trog
   899 | D:1      | Reached XP level 3. HP: 25/29 MP: 3/3
  1236 | D:2      | Found a shadowy altar of Dithmenos.
  1255 | D:2      | Found an iron altar of Okawaru.
  1256 | D:2      | Found an ornate altar of the Wu Jian Council.
  1615 | D:2      | Reached XP level 4. HP: 23/35 MP: 4/4
  1818 | D:2      | Noticed Natasha
  1824 | D:2      | Killed Natasha
  1825 | D:2      | Reached skill level 1 in Stealth
  1922 | D:2      | Noticed Natasha
  1933 | D:2      | Killed Natasha
  1978 | D:2      | Noticed Natasha
  1987 | D:2      | Killed Natasha
  1988 | D:2      | Gained mutation: You have razor-sharp toenails. [demonic
                  | ancestry]
  1988 | D:2      | Reached XP level 5. HP: 27/42 MP: 5/5
  1993 | D:2      | Reached skill level 4 in Axes
  2384 | D:2      | Found a faded altar of an unknown god.
  2556 | D:3      | Found a shimmering altar of Xom.
  2911 | D:3      | You fall into a shaft and drop 1 floor!
  3106 | D:4      | Found a staircase to the Ecumenical Temple.
  3112 | Temple   | Entered the Ecumenical Temple
  3371 | D:4      | Gained mutation: You have claws for feet. [demonic
                  | ancestry]
  3371 | D:4      | Reached XP level 6. HP: 36/48 MP: 6/6
  4078 | D:3      | Reached *** piety under Trog
  4729 | D:4      | Reached skill level 5 in Axes
  4731 | D:4      | Reached XP level 7. HP: 54/54 MP: 7/7
  5182 | D:4      | Found a runed translucent door.
  5182 | D:4      | Noticed ArcanElement's ghost (novice OgBe)
  5248 | D:4      | Reached skill level 1 in Maces & Flails
  5442 | D:5      | Entered Level 5 of the Dungeon
  5864 | D:5      | Found an opulent altar of Gozag.
  5957 | D:5      | Noticed Edmund
  5970 | D:5      | Killed Edmund
  6016 | D:5      | Reached XP level 8. HP: 48/61 MP: 8/8
  6043 | D:5      | Found Mutaosy's Distillery.
  6054 | D:5      | Bought a potion of heal wounds for 75 gold pieces
  6054 | D:5      | Bought a potion of might for 60 gold pieces
  6464 | D:5      | Noticed a moth of wrath
  6466 | D:5      | Noticed Sigmund
  6467 | D:5      | Found a bloodstained altar of Trog.
  6475 | D:5      | Killed Sigmund
  6496 | D:5      | HP: 1/61 [moth of wrath (18)]
  6499 | D:5      | Mangled by a moth of wrath

Illustrated notes

Levels and vault maps discovered:
D:1:      roderic_crossed_star, layout_loops_cross, minmay_ruptured
D:2:      wad_woods_tower, layout_loops_cross, grunt_dithmenos_smoke,
          minitemple, chequers_ecumenical_altar_simple, uniq_natasha
D:3:      layout_basic, lemuel_crystal_altar
D:4:      minmay_evil_eye, layout_loops_ring, minmay_temple_entry_hall,
          gammafunk_ghost_grave, roderic_lattice_a, chequers_mini_garden
D:5:      layout_basic, tgw_trog, serial_shops, kennysheep_mini,
          grunt_gozag_statues, uniq_edmund, uniq_sigmund
Temple:   nicolae_temple_figure_eight

Skill      XL: |  1  2  3  4  5  6  7  8 |
---------------+-------------------------+-----
Dodging        | 2 3 4 |  4.4
Axes           | 3 4 5 |  5.1
Stealth        | 1 2 3 |  3.8
Fighting       | 4 |  4.8
Armour         | 2 3 4 |  4.0
Maces & Flails | 2 3 |  3.8

Action                   |  1- 3 |  4- 6 |  7- 9 || total
-------------------------+-------+-------+-------++-------
Melee: Hand axe          |   110 |    93 |       ||   203
       Kick              |    19 |    43 |    28 ||    90
       Whip              |       |    64 |   103 ||   167
       War axe           |       |    22 |       ||    22
       Scythe            |       |       |     4 ||     4
Invok: Berserk           |     2 |     8 |     3 ||    13
       Trog's Hand       |       |     1 |     1 ||     2
Evoke: Wand              |       |       |     1 ||     1
  Use: Potion            |       |     1 |       ||     1
 Stab: Sleeping          |     2 |     7 |     2 ||    11
Armor: Animal skin       |    30 |    18 |       ||    48
       Leather armour    |       |    17 |     1 ||    18
       Ring mail         |       |       |    25 ||    25
Dodge: Dodged            |    92 |   123 |    55 ||   270

Table legend: (Time is in decaauts)
 A = Elapsed time spent in this place.
 B = Non-inter-level travel time spent in this place.
 C = Inter-level travel time spent in this place.
 D = Time resting spent in this place.
 E = Time spent auto-exploring this place.
 F = Levels seen in this place.
 G = Mean time per level.
                   A        B        C        D        E       F      G
               +--------+--------+--------+--------+--------+-----+--------+
         Total |   6624 |   6428 |    196 |     24 |   5487 |   6 | 1104.0 |
       Dungeon |   6416 |   6228 |    188 |     24 |   5289 |   5 | 1283.2 |
        Temple |    207 |    199 |      8 |      0 |    198 |   1 |  207.0 |
               +--------+--------+--------+--------+--------+-----+--------+

Top non-repeatable levels by time:
     D:4: 1608 daAuts
     D:2: 1461 daAuts
     D:1: 1157 daAuts
     D:3: 1114 daAuts
     D:5: 1075 daAuts
  Temple: 207 daAuts
